 Dungeon Crawl Stone Soup version 0.19.5 (webtiles) character file.

160 lauthentik the Sneak (level 5, -8/36 HPs)
             Began as a Vampire Enchanter on Mar 24, 2017.
             Was an Initiate of Trog (penitent).
             Mangled by an orc priest
             ... wielding a +0 flail
              (10 damage)
             ... on level 3 of the Dungeon.
             The game lasted 00:09:42 (2337 turns).

lauthentik the Sneak (Vampire Enchanter)            Turns: 2337, Time: 00:09:43

Health: -8/36      AC:  4    Str:  6 (7)  XL:     5   Next: 17%
Magic:  3/8        EV: 13    Int: 17      God:    Trog [*]
Gold:   156        SH:  0    Dex: 16      Spells: 2 memorised, 5 levels left

rFire  . . .     SeeInvis +     a - +1 dagger
rCold  + . .     Gourm    .     b - +1 robe
rNeg   + + .     Faith    .     (no shield)
rPois  +         Spirit   .     (no helmet)
rElec  .         Reflect  .     (no cloak)
rCorr  .         Harm     .     (no gloves)
MR     .....                    r - +0 pair of boots
Stlth  ++++......               (no amulet)
                                (no ring)
                                (no ring)

@: very slightly contaminated, regenerating slowly
A: fangs 3, see invisible, unbreathing
a: Bat Form, Burn Spellbooks, Renounce Religion


You were on level 3 of the Dungeon.
You worshipped Trog.
Trog was demanding penance.
You were very thirsty.

You visited 1 branch of the dungeon, and saw 3 of its levels.

You collected 156 gold pieces.

Inventory:

Hand Weapons
 a - a +1 dagger (weapon)
 g - a +0 short sword
Missiles
 w - 7 tomahawks (quivered)
Armour
 b - a +1 robe (worn)
 r - a +0 pair of boots (worn)
Jewellery
 n - a +3 ring of strength {unknown}
Wands
 m - a wand of iceblast (6/15)
Scrolls
 e - 4 scrolls of identify {unknown}
 f - a scroll of immolation {unknown}
 h - 4 scrolls of teleportation {unknown}
 i - a scroll of noise {unknown}
 k - 2 scrolls of blinking {unknown}
 s - a scroll of amnesia {unknown}
 t - a scroll of enchant weapon {unknown}
 u - a scroll of magic mapping {unknown}
 v - a scroll of remove curse {unknown}
Potions
 j - 2 potions of cancellation {unknown}
 l - 2 potions of resistance {unknown}
 o - a potion of might
 p - 2 potions of ambrosia {unknown}
 q - a potion of degeneration {unknown}
Books
 c - a book of Maledictions

   Spells                             Type                      Level
   a - Corona                         Hexes                        1
   b - Ensorcelled Hibernation        Hexes/Ice                    2
   c - Confuse                        Hexes                        3
   d - Tukima's Dance                 Hexes                        3
   e - Dazzling Spray                 Conjuration/Hexes            3
   Trog disapproves of the use of such an item.


   Skills:
 + Level 0.5 Fighting
 + Level 2.6 Short Blades
 + Level 3.1 Dodging
 + Level 6.3 Stealth
 - Level 2.2 Spellcasting
 - Level 5.4 Hexes


You had 5 spell levels left.
You knew the following spells:

 Your Spells              Type           Power        Failure   Level  Hunger
a - Ensorcelled Hibernat  Hex/Ice        ##....       12%         2    ###....
b - Corona                Hex            ###....      1%          1    #......


Dungeon Overview and Level Annotations

Branches:
Dungeon (3/15)

Altars:
Trog


Innate Abilities, Weirdness & Mutations

You heal slowly.
You have razor-sharp teeth.
You have supernaturally acute eyesight. (SInv)
You can survive without breathing.


Message History

You are feeling very thirsty.
You hit the orc priest but do no damage.
The orc priest is moderately wounded.
The orc priest misses you.
Casting: Ensorcelled Hibernation
Confirm with . or Enter, or press ? or * to list all spells.
Casting this spell will place you under penance.
Really cast? [Y]es or [N]o only, please.
Casting this spell will place you under penance.
Really cast?
Aiming: Ensorcelled Hibernation
Press: ? - help, Shift-Dir - straight line, f - orc priest
Aim: an orc priest, wielding a flail and wearing a ring mail (moderately wounded, chance to defeat MR: 42%)
You miscast Ensorcelled Hibernation.
You are very lightly contaminated with residual magic.
You feel uncomfortably cold.
You hit the orc priest but do no damage.
The orc priest is moderately wounded.
You hear the slow rusting of a distant drain.
The orc priest hits you with a flail!
You die...

##.######...####.....#.#
#.######
...................... #
##.######...#####o.# #
#...............o..#.# #
#.#######.#.##o###...#.
#
................>o......
.
#.#########.##.####.##.#
# #.#
#.........####.##.# #.#
#.####.#..o@....... #.#
#.# ##.#..#####.#.# #.#
#.# #......... #.# #.#
#......... #.# #.#
#......... #.# #.#
#.........
#.####.###.........
#..............[...
##############.####


You could see an orc priest.

Vanquished Creatures
  A hound (D:3)
  Jessica (D:2)
  Ijyb (D:2)
  An adder (D:2)
  An ooze (D:2)
  A worm (D:2)
  A dart slug (D:1)
  2 leopard geckos
  4 orcs (D:3)
  5 bats
  5 giant cockroaches
  9 goblins
  5 hobgoblins
  4 jackals (D:2)
  3 frilled lizards
  4 kobolds
  5 rats
53 creatures vanquished.

Notes
Turn   | Place    | Note
-------+----------+-------------------------------------------
     0 | D:1      | lauthentik the Vampire Enchanter began the quest for the Orb.
     0 | D:1      | Reached XP level 1. HP: 13/13 MP: 3/3
   502 | D:1      | Reached XP level 2. HP: 17/19 MP: 5/5
   610 | D:1      | Reached skill level 5 in Stealth
   759 | D:2      | Noticed Jessica
   762 | D:2      | Killed Jessica
   762 | D:2      | Reached skill level 5 in Hexes
   762 | D:2      | Reached XP level 3. HP: 24/24 MP: 6/6
   823 | D:2      | Noticed Ijyb
   868 | D:2      | Killed Ijyb
   868 | D:2      | Reached XP level 4. HP: 11/30 MP: 7/7
  1314 | D:2      | Reached skill level 6 in Stealth
  2132 | D:3      | Found a faded altar of an unknown god.
  2140 | D:3      | Became a worshipper of Trog the Wrathful
  2140 | D:3      | Reached * piety under Trog
  2204 | D:3      | Reached XP level 5. HP: 10/35 MP: 8/8
  2224 | D:3      | Was placed under penance by Trog
  2227 | D:3      | Learned a level 2 spell: Ensorcelled Hibernation
  2337 | D:3      | Mangled by an orc priest

Skill      XL: |  1  2  3  4 |
---------------+-------------+-----
Stealth        | 5 6 |  6.3
Hexes          | 5 |  5.4
Short Blades   | 2 |  2.6
Dodging        | 3 |  3.1
Fighting       | |  0.5
Spellcasting   | |  2.2

Action                   |  1- 3 |  4- 6 || total
-------------------------+-------+-------++-------
Melee: Dagger            |    86 |   217 ||   303
       Bite              |     5 |    24 ||    29
 Cast: Ensorcelled Hiber |       |     2 ||     2
 Stab: Sleeping          |     3 |     3 ||     6
       Distracted        |       |     1 ||     1
  Eat: Corpse            |     1 |     2 ||     3
Armor: Robe              |    21 |    33 ||    54
Dodge: Dodged            |    43 |   112 ||   155
